 Dungeon Crawl Stone Soup version 0.23.2 (webtiles) character file.

Game seed: 3166317561605172471

274 Charmandara the Ducker (level 6, 0/32 HPs)
             Began as a Spriggan Gladiator on Apr 2, 2019.
             Was an Initiate of Okawaru.
             Succumbed to a worker ant's poison
             ... on level 3 of the Dungeon.
             The game lasted 00:10:15 (5018 turns).

Charmandara the Ducker (Spriggan Gladiator)         Turns: 5018, Time: 00:10:16

Health: 0/32       AC:  3    Str: 12    XL:     6   Next: 3%
Magic:  7/7        EV: 21    Int: 10    God:    Okawaru [......]
Gold:   152        SH:  0    Dex: 17    Spells: 5/5 levels left

rFire    . . .     SeeInvis +   a - +0 quarterstaff
rCold    . . .     Gourm    .   (shield currently unavailable)
rNeg     . . .     Faith    .   j - +0 robe
rPois    .         Spirit   .   c - +0 hat
rElec    .         Reflect  .   e - +0 cloak
rCorr    .         Harm     .   (gloves unavailable)
MR       +....                  (boots unavailable)
Stlth    +++.......             l - amulet of magic regeneration
HPRegen  0.10/turn              (no ring)
MPRegen  0.35/turn              (no ring)

@: lethally poisoned (0 -> -11), very quick
A: very small, unfitting armour, see invisible, herbivore, speed 3, slow
metabolism 2
a: Renounce Religion


You were on level 3 of the Dungeon.
You worshipped Okawaru.
Okawaru was noncommittal.
You were not hungry.

You visited 1 branch of the dungeon, and saw 4 of its levels.

You collected 152 gold pieces.

Inventory:

Hand Weapons
 a - a +0 quarterstaff (weapon)
 b - a +0 hunting sling
   (You found it on level 2 of the Dungeon)
 g - a +4 quarterstaff of chaos
   (You took it off Crazy Yiuf on level 2 of the Dungeon)
 s - a +0 blowgun
   (You took it off a kobold on level 3 of the Dungeon)
Missiles
 d - 3 throwing nets {=f, !d}
 k - 40 stones (quivered)
 o - 23 sling bullets
 p - 5 tomahawks
 q - 22 bolts
 r - 10 poisoned needles
Armour
 c - a +0 hat (worn)
 e - a +0 cloak (worn)
   (You took it off Crazy Yiuf on level 2 of the Dungeon)
 h - a +2 buckler
   (You found it on level 1 of the Dungeon)
 j - a +0 robe (worn)
Jewellery
 l - an amulet of magic regeneration (around neck)
   (You found it on level 2 of the Dungeon)
Scrolls
 i - 2 scrolls of remove curse
Potions
 m - a potion of flight
 n - a potion of agility
Comestibles
 f - 6 rations


   Skills:
 - Level 2.4 Fighting
 * Level 4.1 Staves
 - Level 2.0 Throwing
 - Level 5.4 Dodging
 - Level 3.3 Stealth


You had 5 spell levels left.
You didn't know any spells.
Your spell library was empty.

Dungeon Overview and Level Annotations

Branches:
Dungeon (4/15)
 Temple: D:4-7

Altars:
Dithmenos
Kikubaaqudgha
Okawaru
Uskayaw
Xom


Innate Abilities, Weirdness & Mutations

You are very small and have problems with some larger weapons.
You are too small for most types of armour.
You have supernaturally acute eyesight. (SInv)
You are a herbivore.
You cover ground extremely quickly.
You need to consume almost no food.


Message History

Okawaru accepts your kill. The jackal barely misses you.
You hit the jackal but do no damage. The jackal barely misses you.
You closely miss the jackal. The jackal completely misses you.
The jackal bites you but does no damage.
You miss the jackal. The jackal closely misses you.
You closely miss the jackal. The jackal bites you.
The jackal barely misses you.
You take 1 damage, and have 26/32 hp.
You barely miss the jackal. The jackal misses you.
You barely miss the jackal. The jackal misses you.
The jackal bites you but does no damage.
You sock the jackal!
You kill the jackal!
Okawaru accepts your kill.
You closely miss the worker ant. The worker ant completely misses you.
You hit the worker ant but do no damage.
The worker ant closely misses you. The worker ant misses you.
You completely miss the worker ant. The worker ant misses you.
You hit the worker ant but do no damage.
The worker ant misses you.
You closely miss the worker ant. The worker ant closely misses you. x2
You hit the worker ant. The worker ant bites you.
You are poisoned.
The worker ant poisons you!
You take 4 damage, and have 22/32 hp.
You closely miss the worker ant.
You feel sick. The worker ant bites you.
You are more poisoned.
The worker ant poisons you!
You take 4 damage, and have 18/32 hp.
You feel sick.
You take 1 damage, and have 17/32 hp.
You feel sick.
There is a stone staircase leading up here.
You take 1 damage, and have 16/32 hp.
You feel sick.
You climb upwards.
You feel sick.
There is a stone staircase leading down here.
You take 2 damage, and have 14/32 hp.
Unknown command.
You start resting.
You feel sick. x8
You are no longer poisoned.
You take 5 damage, and have 9/32 hp.
You start resting.
Health restored: 32 You climb downwards.
There is a stone staircase leading up here.
Unknown command.
The worker ant twitches its antennae in your direction.
You hit the worker ant. The worker ant bites you!
You are poisoned.
The worker ant poisons you! The worker ant completely misses you.
You take 7 damage, and have 25/32 hp.
MASSIVE DAMAGE!!
You barely miss the worker ant.
You feel sick. The worker ant completely misses you.
You hit the worker ant. The worker ant closely misses you.
You hit the worker ant.
You feel sick. The worker ant barely misses you. x2
You take 1 damage, and have 24/32 hp.
You barely miss the worker ant. The worker ant misses you.
You hit the worker ant.
You feel sick. The worker ant bites you!
You are more poisoned.
The worker ant poisons you!
You take 8 damage, and have 16/32 hp.
MASSIVE DAMAGE!!
You hit the worker ant.
You feel sick. The worker ant bites you.
You are lethally poisoned!
The worker ant poisons you! The worker ant bites you.
* * * LOW HITPOINT WARNING * * *
You take 8 damage, and have 8/32 hp.
MASSIVE DAMAGE!!
* * * LOW HITPOINT WARNING * * *
You feel sick.
You take 1 damage, and have 7/32 hp.
* * * LOW HITPOINT WARNING * * *
You feel sick.
You take 1 damage, and have 6/32 hp.
* * * LOW HITPOINT WARNING * * *
You feel sick.
You take 1 damage, and have 5/32 hp.
Okay, then.
* * * LOW HITPOINT WARNING * * *
You feel sick.
You take 1 damage, and have 4/32 hp.
* * * LOW HITPOINT WARNING * * *
You feel sick.
A worker ant comes into view.
You take 1 damage, and have 3/32 hp.
* * * LOW HITPOINT WARNING * * *
You feel sick.
The worker ant twitches its antennae in your direction.
* * * LOW HITPOINT WARNING * * *
You feel sick.
There is a stone staircase leading up here.
You take 1 damage, and have 2/32 hp.
* * * LOW HITPOINT WARNING * * *
You feel sick.
You climb upwards.
You die...

#......<........
#.#####...##...# ###
#.#####...###.##
##.#######.##........#.##
#..........##............
##.##########........#.## #.#
#...............# #.#
#.####.##....#### #.# #@#
#..###..# #####
#.#####.####..###..# ....#
#...............#..### ###.#
#.##.................#
#.######.##.##.###...#.#..#.###
#...........##.# #.............
#########....##.###.#...#..#.###
#...............................
#.###.####...##................#


There were no monsters in sight!

Vanquished Creatures
  A howler monkey (D:4)
  An orc wizard (D:3)
  Crazy Yiuf (D:2)
  Robin (D:3)
  A gnoll (D:1)
  4 adders
  3 oozes
  3 worms (D:3)
  3 dart slugs
  3 leopard geckos
  6 orcs (D:3)
  12 giant cockroaches
  10 goblins
  5 hobgoblins
  6 jackals
  5 kobolds
  2 quokkas (D:2)
  4 ball pythons
  6 bats
  2 frilled lizards
  5 rats
84 creatures vanquished.

Notes
Turn   | Place    | Note
-------+----------+-------------------------------------------
     0 | D:1      | Charmandara the Spriggan Gladiator began the quest for the
                  | Orb.
     0 | D:1      | Reached XP level 1. HP: 10/10 MP: 2/2
    97 | D:1      | You fall through a shaft!
   170 | D:1      | Reached skill level 1 in Stealth
   170 | D:1      | Reached XP level 2. HP: 14/15 MP: 3/3
   571 | D:1      | Reached XP level 3. HP: 16/18 MP: 4/4
   825 | D:1      | Reached skill level 2 in Stealth
   842 | D:1      | Reached skill level 2 in Fighting
  1738 | D:2      | Reached skill level 5 in Dodging
  1795 | D:2      | Found an ancient bone altar of Kikubaaqudgha.
  1821 | D:2      | Found a hide-covered altar of Uskayaw.
  1841 | D:2      | Reached XP level 4. HP: 23/23 MP: 5/5
  2527 | D:2      | Found a shadowy altar of Dithmenos.
  2609 | D:2      | Found an iron altar of Okawaru.
  2617 | D:2      | Became a worshipper of Warmaster Okawaru
  2919 | D:2      | Reached skill level 3 in Staves
  2929 | D:2      | Found a runed translucent door.
  2930 | D:2      | Noticed Crazy Yiuf
  2939 | D:2      | Killed Crazy Yiuf
  2939 | D:2      | Reached skill level 3 in Stealth
  3363 | D:3      | Reached XP level 5. HP: 10/27 MP: 6/6
  3370 | D:3      | HP: 6/27 [ball python (1)]
  3798 | D:3      | Noticed Robin
  3808 | D:3      | Killed Robin
  4245 | D:3      | HP: 6/27 [orc wizard/+0 dagger (2)]
  4246 | D:3      | HP: 2/27 [orc wizard/+0 dagger (4)]
  4573 | D:3      | Found a shimmering altar of Xom.
  4712 | D:4      | Reached skill level 4 in Staves
  4712 | D:4      | Reached XP level 6. HP: 27/32 MP: 7/7
  5007 | D:4      | HP: 8/32 [worker ant (5)]
  5012 | D:4      | HP: 4/32 [poisoned by a worker ant]
  5017 | D:4      | HP: 1/32 [poisoned by a worker ant]
  5018 | D:3      | Succumbed to a worker ant's poison

Skill      XL: |  1  2  3  4  5 |
---------------+----------------+-----
Stealth        | 1 2 3 |  3.3
Fighting       | 2 |  2.4
Dodging        | 5 |  5.4
Staves         | 3 4 |  4.1
Throwing       | |  2.0

Action                   |  1- 3 |  4- 6 || total
-------------------------+-------+-------++-------
Melee: Quarterstaff      |    92 |   197 ||   289
 Fire: Hunting sling     |       |    15 ||    15
  Use: Scroll            |     2 |     3 ||     5
       Potion            |     1 |     3 ||     4
 Stab: Sleeping          |     6 |     8 ||    14
  Eat: Ration            |       |     1 ||     1
Armor: Robe              |     4 |    17 ||    21
Dodge: Dodged            |    76 |   173 ||   249

Levels and vault maps discovered:
D:1:      kilobyte_arrival_exit_the_forest, layout_loops_ring, hex_medium
D:2:      layout_basic, lemuel_doored_altar, old_standard_altar,
          kennysheep_okawaru_gauntlet, overflow_temple_1_default,
          uniq_crazy_yiuf_cottage
D:3:      layout_loops_ring, nicolae_overflow_hidden_temple, minivault_11,
          uniq_robin
D:4:      layout_basic, minmay_misc_feat_secret_circle, uniq_ijyb

Table legend:
 A = Turns spent in this place as a percentage of turns spent in the entire game.
 B = Non-inter-level travel turns spent in this place as a percentage of non-inter-level travel turns spent in the entire game.
 C = Inter-level travel turns spent in this place as a percentage of turns spent in this place.
 D = Turns resting spent in this place as a percentage of non-inter-level travel turns spent in this place.
 E = Turns spent auto-exploring this place as a percentage of non-inter-level travel turns spent in this place.
 F = Non-inter-level travel turns spent in this place divided by the number of levels of this place that you've seen.
                   A       B       C       D       E      F
               +-------+-------+-------+-------+-------+----------------------
         Total | 100.0 | 100.0 |   5.8 |  44.5 |  31.5 | 1181.2
       Dungeon | 100.0 | 100.0 |   5.8 |  44.5 |  31.5 | 1181.2
               +-------+-------+-------+-------+-------+----------------------

Table legend:
 A = Kills in this place as a percentage of kills in entire the game.
 B = Kills by you in this place as a percentage of kills by you in the entire game.
 C = Kills by friends in this place as a percentage of kills by friends in the entire game.
 D = Other kills in this place as a percentage of other kills in the entire game.
 E = Experience gained in this place as a percentage of experience gained in the entire game.
 F = Experience gained in this place divided by the number of levels of this place that you have seen.
                   A       B       C       D       E      F
               +-------+-------+-------+-------+-------+----------------------
         Total | 100.0 | 100.0 |   N/A |   N/A | 100.0 |  98.0
       Dungeon | 100.0 | 100.0 |   N/A |   N/A | 100.0 |  98.0
               +-------+-------+-------+-------+-------+----------------------
